 Dungeon Crawl Stone Soup version 0.31-a0-233-g139696dc86 (webtiles) character file.

Game seed: 11712349203206674335

242 qw the Shooter (level 6, -3/36 HPs)
             Began as a Gargoyle Hexslinger on July 9, 2023.
             Slain by an iguana (9 damage)
             ... on level 4 of the Dungeon.
             The game lasted 00:01:08 (2286 turns).

qw the Shooter (Gargoyle Hexslinger)                Turns: 2286, Time: 00:01:09

Health: -3/36      AC: 11    Str: 10    XL:     6   Next: 9%
Magic:  0/7        EV: 10    Int: 13    God:
Gold:   131        SH:  0    Dex: 14    Spells: 6/7 levels left

rFire   . . .        Y - +1 sling
rCold   + . .        (no shield)
rNeg    + . .        g - +0 ring mail
rPois   inf          (no helmet)
rElec   +            e - +0 cloak "Goinila" {Rampage rC+ Str-2}
rCorr   .            (no gloves)
SInv    +            (no boots)
Will    .....        b - amulet of guardian spirit
Stlth   +            c - ring of see invisible
HPRegen 0.26/turn    (no ring)
MPRegen 0.10/turn

%: guardian spirit, rampage
@: no status effects
A: sickness immunity, AC +4, negative energy resistance 1, electricity
resistance, torment resistance 1, petrification resistance
a: no special abilities


You were on level 4 of the Dungeon.
You visited 1 branch of the dungeon, and saw 4 of its levels.

You collected 281 gold pieces.
You spent 150 gold pieces at shops.


Innate Abilities, Weirdness & Mutations

You are immune to sickness and miasma.
Your stone body is resilient. (AC +4)
You are immune to poison.
You resist negative energy. (rN+)
You are resistant to electric shocks. (rElec)
You are resistant to unholy torment.
You are immune to petrification.


   Skills:
 + Level 2.5 Fighting
 - Level 5.1 Ranged Weapons
 - Level 2.4 Armour
 - Level 1.5 Dodging
 - Level 1.0 Spellcasting
 - Level 2.6 Hexes


You had 6 spell levels left.
You knew the following spells:

 Your Spells              Type           Power      Damage    Failure   Level
a - Slow                  Hex            28%        N/A       22%         1

Your spell library contained the following spells:

 Spells                   Type           Power      Damage    Failure   Level
 Inner Flame              Hex/Fire       4%         N/A       75%         3
 Portal Projectile        Hex/Tloc       8%         N/A       75%         3
 Cause Fear               Hex            3%         N/A       92%         4

Inventory:

Hand Weapons
 Y - a +1 sling (weapon)
Armour
 e - the +0 cloak "Goinila" (worn) {Rampage rC+ Str-2}
   (You acquired it on level 2 of the Dungeon)

   Str:       It affects your strength (-2).
   rC:        It protects you from cold.
   Rampage:   It bestows one free step when moving towards enemies.
 g - a +0 ring mail (worn)
Jewellery
 b - an amulet of guardian spirit (around neck)
 c - a ring of see invisible (left hand)
Scrolls
 i - a scroll of identify
Potions
 a - a potion of curing
 m - a potion of cancellation {unknown}

Dungeon Overview and Level Annotations

Branches:
Dungeon (4/15)
 Temple: D:4-7

Altars:
Fedhas

Shops:
D:3 =


Message History

The sling bullet hits the iguana but does no damage.
The iguana is moderately wounded.
The iguana bites you but does no damage.
You shoot a sling bullet.
The sling bullet hits the iguana but does no damage.
The iguana is lightly wounded.
The iguana bites you!
You shoot a sling bullet.
The sling bullet hits the iguana but does no damage.
The iguana is lightly wounded.
The iguana bites you but does no damage.
The iguana bites you!
You shoot a sling bullet.
The sling bullet hits the iguana but does no damage.
The iguana is lightly wounded.
The iguana closely misses you.
You shoot a sling bullet.
The sling bullet closely misses the iguana.
The iguana closely misses you.
You shoot a sling bullet.
The sling bullet completely misses the iguana.
The iguana bites you.
You shoot a sling bullet.
The sling bullet barely misses the iguana.
The iguana bites you but does no damage.
The iguana bites you.
You shoot a sling bullet.
The sling bullet barely misses the iguana.
The iguana barely misses you.
You shoot a sling bullet. The sling bullet hits the iguana.
The iguana is heavily wounded.
The iguana barely misses you.
You shoot a sling bullet.
The sling bullet barely misses the iguana.
The iguana closely misses you.
You shoot a sling bullet.
The sling bullet hits the iguana but does no damage.
The iguana is heavily wounded.
The iguana closely misses you. The iguana bites you!
You die...

..........##
##.##......##
##.##.......#
...##.......#
............#
.####.......# ### #
.#####.#.#### ##.##.#
.......).# #..l..#
.##.##.### #@#
.......##### #.#
...........# #.#
..####.#.#.#####%#######
.## #.#.#......:......#
.......#.#######.#####.#
########.# #.# # :.. #.#
# ... #.#


You could see an iguana.

Vanquished Creatures
  A scorpion (D:4)
  An orc priest (D:2)
  A hound (D:3)
  4 adders
  3 worms
  3 dart slugs
  2 orcs
  8 ball pythons
  5 bats
  6 endoplasms
  A giant cockroach (D:2)
  10 hobgoblins
  5 jackals
  2 quokkas
  5 frilled lizards
  5 goblins
  2 kobolds
  4 rats
68 creatures vanquished.

Notes
Turn   | Place    | Note
-------+----------+-------------------------------------------
     0 | D:1      | qw the Gargoyle Hexslinger began the quest for the Orb.
     0 | D:1      | Reached XP level 1. HP: 12/12 MP: 2/2
     0 | D:1      | 0 ||| qw: Version: 0.3-a-51-g015441d
     0 | D:1      | 0 ||| qw: Game counter: 3892
     0 | D:1      | 0 ||| qw: Melee chars always use a shield: true
     0 | D:1      | 0 ||| qw: God list: Okawaru
     0 | D:1      | 0 ||| qw: Allow faded altars: false
     0 | D:1      | 0 ||| qw: Do Orc after clearing Dungeon:15 true
     0 | D:1      | 0 ||| qw: Do second Lair branch before Depths: true
     0 | D:1      | 0 ||| qw: Lair rune preference: random
     0 | D:1      | 0 ||| qw: Goals: Normal
     0 | D:1      | 0 ||| PLANNING D:1-11
    72 | D:1      | Reached XP level 2. HP: 13/16 MP: 3/3
   154 | D:1      | Reached skill level 3 in Ranged Weapons
   657 | D:1      | 657 ||| READING 2 scrolls labelled GEIMUG YBRUKK.
   658 | D:1      | 658 ||| READING scroll labelled YSMUIHIMNI.
   659 | D:1      | 659 ||| DRINKING 2 sapphire potions.
   660 | D:1      | 660 ||| DROPPING scroll of noise.
   661 | D:1      | 661 ||| DROPPING scroll of poison.
   662 | D:1      | 662 ||| DROPPING potion of degeneration.
   711 | D:2      | Reached XP level 3. HP: 21/21 MP: 4/4
  1006 | D:2      | Reached XP level 4. HP: 26/26 MP: 5/5
  1090 | D:2      | Reached skill level 4 in Ranged Weapons
  1310 | D:2      | 1310 ||| UPGRADING to amulet of guardian spirit.
  1315 | D:2      | 1315 ||| READING scroll labelled FUSOVAXUYJ.
  1316 | D:2      | 1316 ||| READING scroll labelled WAAXTI VUOME.
  1316 | D:2      | Identified a scroll of acquirement
  1316 | D:2      | 1316 ||| ACQUIRING +0 cloak "Goinila" {Rampage rC+ Str-2}
  1316 | D:2      | Acquired the +0 cloak "Goinila" {Rampage rC+ Str-2}
  1318 | D:2      | 1318 ||| UPGRADING to +0 cloak "Goinila" {Rampage rC+
                  | Str-2}.
  1342 | D:3      | 1342 ||| STAIRDANCE
  1351 | D:2      | Reached XP level 5. HP: 12/30 MP: 2/6
  1424 | D:2      | 1424 ||| UPGRADING to +0 leather armour.
  1434 | D:2      | 1434 ||| DROPPING +0 robe.
  1483 | D:3      | Found Sievoc's Jewellery Shop.
  1486 | D:3      | 1486 ||| SHOPLISTING +4 ring of protection (360 gold, have
                  | 183).
  1486 | D:3      | 1486 ||| SHOPLISTING amulet of Elemental Vulnerability
                  | {rPois rF-- rC-- AC+8} (383 gold, have 183).
  1486 | D:3      | 1486 ||| SHOPLISTING ring "Mubb" {Fly rPois rF+ rC- Int+5}
                  | (418 gold, have 183).
  1486 | D:3      | 1486 ||| SHOPLISTING ring of protection from cold (250
                  | gold, have 183).
  1486 | D:3      | 1486 ||| BUYING ring of see invisible (150 gold).
  1486 | D:3      | Bought a ring of see invisible for 150 gold pieces
  1486 | D:3      | 1486 ||| SHOPLISTING ring of see invisible (150 gold, have
                  | 33).
  1486 | D:3      | 1486 ||| SHOPLISTING ring of willpower (250 gold, have 33).
  1601 | D:3      | Reached skill level 5 in Ranged Weapons
  1839 | D:3      | Found a blossoming altar of Fedhas.
  2028 | D:3      | 2028 ||| UPGRADING to +0 ring mail.
  2038 | D:3      | 2038 ||| DROPPING +0 leather armour.
  2039 | D:3      | 2039 ||| UPGRADING to ring of see invisible.
  2040 | D:3      | 2040 ||| DROPPING +6 ring of intelligence.
  2041 | D:3      | 2041 ||| READING scroll labelled UCHUASUTWU.
  2042 | D:3      | 2042 ||| READING scroll labelled ALAZIY ENKAIN.
  2062 | D:3      | 2062 ||| DRINKING 2 fuming puce potions.
  2063 | D:3      | 2063 ||| DRINKING 2 blue potions.
  2064 | D:3      | 2064 ||| DRINKING 2 fuming cyan potions.
  2065 | D:3      | 2065 ||| READING 2 scrolls of identify.
  2065 | D:3      | 2065 ||| IDENTIFYING clear potion
  2066 | D:3      | 2066 ||| DROPPING potion of attraction.
  2067 | D:3      | 2067 ||| DROPPING potion of invisibility.
  2068 | D:3      | 2068 ||| DROPPING potion of brilliance.
  2158 | D:4      | Reached XP level 6. HP: 27/35 MP: 5/7
  2281 | D:4      | HP: 8/36 [iguana (3)]
  2286 | D:4      | Slain by an iguana

Levels and vault maps discovered:
D:1:      co_arrival_random_square_maze, layout_basic,
          nicolae_houndstooth_variations
D:2:      layout_basic, minmay_domino_4
D:3:      layout_basic, fedhas_ov_isle_minmay, serial_shops,
          nicolae_shop_behind_doors
D:4:      layout_loops_cross, gammafunk_temple_overflow_elements

Skill      XL: |  1  2  3  4  5 |
---------------+----------------+-----
Ranged Weapons | 3 4 5 |  5.1
Fighting       | 2 |  2.5
Armour         | 2 |  2.4
Dodging        | |  1.5
Spellcasting   | |  1.0
Hexes          | |  2.6

Action                     |  1- 3 |  4- 6 || total
---------------------------+-------+-------++-------
   Fire: Sling             |   126 |   164 ||   290
    Use: Scroll            |     2 |     5 ||     7
         Potion            |     1 |     3 ||     4
 Armour: Robe              |    16 |    25 ||    41
         Ring mail         |       |    31 ||    31
         Leather armour    |       |     5 ||     5
  Dodge: Dodged            |    50 |    75 ||   125

Table legend:
 A = Non-vault XP
 B = Vault XP
 C = Vault XP percentage of total XP
 D = Non-vault monster count
 E = Vault monster count
 F = Vault count percentage of total count
                 A         B        C        D         E       F
            +---------+---------+-------+---------+---------+-------
      Total |     323 |      23 |   6.6 |      64 |       4 |   5.9
            +---------+---------+-------+---------+---------+-------
        D:1 |      32 |       0 |   0.0 |      20 |       0 |   0.0
        D:2 |     115 |      23 |  16.7 |      27 |       4 |  12.9
        D:3 |      64 |       0 |   0.0 |      11 |       0 |   0.0
        D:4 |     112 |       0 |   0.0 |       6 |       0 |   0.0
            +---------+---------+-------+---------+---------+-------
